 Dungeon Sprint DCSS version 0.22-a0-877-g5c4e1af (webtiles) character file.

28242 Brynnhild the Draconian Aeon (level 13, -13/122 HPs)
             Began as a Green Draconian Fighter on July 29, 2018.
             Was the Champion of Cheibriados.
             Killed by divine providence
             ... invoked by Saint Roka
              (16 damage)
             ... in the Dungeon (Sprint IX: "|||||||||||||||||||||||||||||").
             The game lasted 00:08:03 (3613 turns).

Brynnhild the Draconian Aeon (DrFi)                 Turns: 3613, Time: 00:08:03

Health: -13/122    AC: 12    Str: 34    XL:     13   Next: 8%
Magic:  28/28      EV: 43    Int: 19    God:    Cheibriados [******]
Gold:   833        SH: 16    Dex: 32    Spells: 12/12 levels left

rFire    + . .     SeeInvis .   n - +2 scimitar (slice)
rCold    . . .     Gourm    .   b - +0 shield
rNeg     + . .     Faith    .   (armour unavailable)
rPois    +         Spirit   .   (helmet restricted)
rElec    +         Reflect  .   D - +1 cloak
rCorr    .         Harm     .   C - +1 pair of gloves
MR       .....     NoTele   +   (no boots)
Stlth    ++........             x - amulet of the acrobat
HPRegen  0.30/turn              w - ring of Harmony {rElec rN+ Int-5 Dex+2}
MPRegen  0.21/turn              z - ring of protection from fire

@: short of breath, very slow
A: breathe noxious fumes, unfitting armour, poison resistance, cold-blooded, AC
+8
a: Breathe Noxious Fumes, Bend Time, Temporal Distortion, Slouch, Step From
Time, Renounce Religion


You were in the Dungeon.
You worshipped Cheibriados.
Cheibriados was exalted by your worship.
You were not hungry.

You visited 1 branch You collected 1900 gold pieces.
You spent 1067 gold pieces at shops.

Inventory:

Hand Weapons
 a - a +0 long sword
 n - a +2 scimitar of slicing (weapon)
Armour
 b - a +0 shield (worn)
 o - a +0 pair of gloves
 v - a +0 cloak
 C - a +1 pair of gloves (worn)
 D - a +1 cloak (worn)
Jewellery
 p - a +3 ring of strength
 q - a +3 ring of dexterity
 w - the ring of Harmony (left hand) {rElec rN+ Int-5 Dex+2}
   (You bought it in a shop in the Dungeon)

   [ring of positive energy]

   It affects your intelligence (-5).
   It affects your dexterity (+2).
   It insulates you from electricity.
   It protects you from negative energy.
 x - an amulet of the acrobat (around neck)
 y - an uncursed ring of ice
 z - a ring of protection from fire (right hand)
 A - an uncursed ring of protection from magic
 B - an uncursed ring of ice
Scrolls
 j - 3 scrolls of blinking
 k - 4 scrolls of remove curse
 l - 2 scrolls of amnesia
 s - 3 scrolls of fear
 t - 3 scrolls of identify
 u - 3 scrolls of enchant armour
 E - a scroll of fog
Potions
 c - 4 potions of might
 e - 3 potions of curing
 f - 5 potions of heal wounds
 g - 4 potions of haste
 h - 3 potions of magic
 i - a potion of invisibility
 m - 4 potions of mutation
 r - a potion of brilliance
Comestibles
 d - 10 rations


   Skills:
 + Level 13.4 Fighting
 + Level 14.9 Long Blades
 + Level 13.1 Dodging
 + Level 12.9 Shields
 * Level 0.5 Unarmed Combat
 * Level 22.3 Invocations


You had 12 spell levels left.
You didn't know any spells.
Your spell library contained the following spells:

 Spells                   Type           Power        Failure   Level  Hunger
 Apportation              Tloc           #.....       26%         1    ##.....
 Summon Small Mammal      Summ           #...         26%         1    ##.....
 Animate Skeleton         Necr           N/A          26%         1    ##.....
 Shock                    Conj/Air       #...         26%         1    ##.....
 Confusing Touch          Hex            #.....       26%         1    ##.....
 Tornado                  Air            #.........   100%        9    #######
 Spectral Weapon          Hex/Chrm       #.......     61%         3    ####...


Dungeon Overview and Level Annotations

Branches:
Dungeon (1/1)

Altars:
Cheibriados
Dithmenos
Elyvilon
Fedhas
Gozag
Hepliaklqana
Kikubaaqudgha
Makhleb
Nemelex Xobeh
Okawaru
Qazlal
Ru
Sif Muna
Trog
Uskayaw
Vehumet
Wu Jian
Xom
Yredelemnul
Zin
The Shining One
Beogh
Jiyva
Lugonu

Shops:
D ((=:

Annotations:
D Saint Roka


Innate Abilities, Weirdness & Mutations

You can breathe blasts of noxious fumes.
Your lurid green scales are hard. (AC +8)
You cannot fit into any form of body armour.
Your system is resistant to poisons. (rPois)
You are cold-blooded and may be slowed by cold attacks.


Message History

* * * LOW HITPOINT WARNING * * *
You catch the helpless orc warrior completely off-guard!
You hit the orc warrior but do no damage.
Your tail-slap misses the orc warrior.
The orc warrior is lightly wounded.
You block the orc warrior's attack.
Unknown command.
You slice the orc warrior!!
You kill the orc warrior!
Cheibriados appreciates the change of pace.
Cheibriados raises the support of your attributes as your movement slows.
Saint Roka invokes the aid of Beogh against you.
Beogh smites you!
* * * LOW HITPOINT WARNING * * *
Saint Roka invokes the aid of Beogh against you.
Beogh smites you!
* * * LOW HITPOINT WARNING * * *
Saint Roka mumbles some strange prayers to Beogh against you.
Beogh smites you!
You die...

▓.▓[▓.▓.▓.▓.▓.▓_▓
▓.▓.▓.▓.▓.▓.▓.▓_▓
▓.▓)▓.▓)▓.▓.▓.▓_▓
▓.▓)▓.▓)▓.▓†▓.▓_▓
▓.▓)▓.▓)▓.▓†▓.▓_▓
▓.▓)▓.▓)▓.▓.▓.▓_▓
▓[▓)▓.▓)▓.▓.▓.▓_▓
▓.▓)▓.▓)▓.▓.▓.▓_▓
▓@▓)▓.▓)▓.▓.▓.▓'▓
▓o▓)▓.▓)▓.▓.▓.▓.▓
▓h▓.▓.▓[▓.▓.▓.▓.▓
▓o▓.▓.▓'▓.▓.▓.▓.▓
▓o▓.▓.▓.▓.▓.▓.▓.▓
▓.▓.▓.▓.▓.▓.▓.▓†▓
▓.▓.▓.▓.▓.▓.▓.▓'▓
▓.▓'▓.▓.▓.▓.▓.▓.▓
▓.▓.▓.▓.▓.▓.▓.▓


You could see Saint Roka, a warg, an orc warrior and an orc.

Vanquished Creatures
  Rupert (D)
  Donald (D)
  A frost giant (D)
  2 dire elephants (D)
  2 ettins (D)
  Harold (D)
  2 hydras (D)
  A two-headed ogre (D)
  A death knight (D)
  An ogre mage (D)
  A deep troll earth mage (D)
  6 orc high priests (D)
  A wizard (D)
  2 orc sorcerers (D)
  3 orc knights (D)
  A deep elf mage (D)
  2 ugly things (D)
  7 elephants (D)
  A guardian serpent (shapeshifter) (D)
  Joseph (D)
  A black mamba (D)
  A gargoyle (D)
  3 spiny frogs (D)
  A komodo dragon (D)
  3 trolls (D)
  A blink frog (D)
  4 hippogriffs (D)
  A hippogriff (shapeshifter) (D)
  2 water moccasins (D)
  A porcupine (D)
  An ice beast (D)
  12 orc warriors (D)
  2 wolves (D)
  A centaur (D)
  A crocodile (D)
  A crocodile (shapeshifter) (D)
  A bullfrog (D)
  A scorpion (D)
  A hound (D)
  6 orc priests (D)
  3 orc wizards (D)
  A gnoll shaman (D)
  A worker ant (D)
  A shadow imp (D)
  A leopard gecko (D)
  9 orcs (D)
  A bat skeleton (D)
  A goblin (D)
  A kobold (D)
  A bat (D)
  A frilled lizard (D)
  A giant cockroach zombie (D)
  A leopard gecko zombie (D)
  A quokka zombie (D)
  A rat (D)
108 creatures vanquished.

Notes
Turn   | Place    | Note
-------+----------+-------------------------------------------
     0 | D        | Brynnhild the Draconian Fighter began the quest for the Orb.
     0 | D        | Reached XP level 1. HP: 19/19 MP: 1/1
    66 | D        | Noticed a hound
    75 | D        | Reached XP level 2. HP: 27/27 MP: 2/2
    83 | D        | Reached XP level 3. HP: 22/34 MP: 3/3
    89 | D        | Found a roughly hewn altar of Beogh.
    89 | D        | Found a snail-covered altar of Cheibriados.
    89 | D        | Found a shadowy altar of Dithmenos.
    89 | D        | Found a white marble altar of Elyvilon.
    89 | D        | Found a blossoming altar of Fedhas.
    89 | D        | Found an opulent altar of Gozag.
    90 | D        | Found a hazy altar of Hepliaklqana.
    91 | D        | Found a viscous altar of Jiyva.
    92 | D        | Found an ancient bone altar of Kikubaaqudgha.
    93 | D        | Became a worshipper of Cheibriados the Contemplative
    94 | D        | Found a corrupted altar of Lugonu.
    95 | D        | Found a burning altar of Makhleb.
    96 | D        | Found a sparkling altar of Nemelex Xobeh.
    97 | D        | Found an iron altar of Okawaru.
    98 | D        | Found a stormy altar of Qazlal.
    99 | D        | Found a sacrificial altar of Ru.
   100 | D        | Found a deep blue altar of Sif Muna.
   101 | D        | Found a bloodstained altar of Trog.
   102 | D        | Found a hide-covered altar of Uskayaw.
   103 | D        | Found a radiant altar of Vehumet.
   104 | D        | Found an ornate altar of the Wu Jian Council.
   105 | D        | Found a shimmering altar of Xom.
   106 | D        | Found a basalt altar of Yredelemnul.
   107 | D        | Found a glowing silver altar of Zin.
   108 | D        | Found a glowing golden altar of the Shining One.
   170 | D        | Noticed an ice beast
   170 | D        | Noticed a hippogriff
   170 | D        | Noticed a scorpion
   172 | D        | Reached skill level 5 in Fighting
   172 | D        | Reached skill level 1 in Invocations
   172 | D        | Reached XP level 4. HP: 41/42 MP: 3/5
   172 | D        | Reached * piety under Cheibriados
   172 | D        | Reached skill level 2 in Invocations
   173 | D        | Reached skill level 5 in Long Blades
   173 | D        | Reached skill level 5 in Dodging
   173 | D        | Reached skill level 5 in Shields
   173 | D        | Reached skill level 3 in Invocations
   173 | D        | Reached XP level 5. HP: 49/50 MP: 3/7
   175 | D        | Reached ** piety under Cheibriados
   176 | D        | Killed an ice beast
   176 | D        | Reached skill level 4 in Invocations
   177 | D        | Killed a hippogriff
   177 | D        | Reached skill level 5 in Invocations
   177 | D        | Reached XP level 6. HP: 17/60 MP: 3/10
   493 | D        | Noticed a troll
   493 | D        | Noticed a gargoyle
   493 | D        | Noticed a guardian serpent
   493 | D        | Noticed a two-headed ogre
   496 | D        | Killed a two-headed ogre
   496 | D        | Reached skill level 7 in Invocations
   496 | D        | Your scales start taking on a lurid green colour.
   496 | D        | Reached XP level 7. HP: 69/69 MP: 10/12
   496 | D        | Gained mutation: Your system is resistant to poisons. (rPois) [Green Draconian growth]
   496 | D        | Reached XP level 8. HP: 77/77 MP: 10/13
   496 | D        | Killed a guardian serpent
   496 | D        | Reached *** piety under Cheibriados
   496 | D        | Reached skill level 8 in Invocations
   500 | D        | Killed a gargoyle
   500 | D        | Reached **** piety under Cheibriados
   501 | D        | Reached skill level 9 in Invocations
   502 | D        | Killed a troll
   502 | D        | Reached XP level 9. HP: 76/85 MP: 5/15
   667 | D        | Got the Reference Book on Aid and Feathers
   680 | D        | Noticed a seven-headed hydra
   680 | D        | Noticed a spiny frog
   685 | D        | Noticed a spiny frog
   686 | D        | Killed a spiny frog
   686 | D        | Reached skill level 10 in Fighting
   686 | D        | Reached skill level 10 in Long Blades
   686 | D        | Reached skill level 10 in Dodging
   686 | D        | Reached skill level 10 in Shields
   686 | D        | Reached ***** piety under Cheibriados
   687 | D        | Reached skill level 10 in Invocations
   687 | D        | Killed a spiny frog
   691 | D        | Killed a nine-headed hydra
   691 | D        | Noticed a komodo dragon
   693 | D        | Reached skill level 11 in Invocations
   697 | D        | Killed a komodo dragon
   697 | D        | Reached XP level 10. HP: 78/94 MP: 2/18
   806 | D        | Noticed an elephant
   806 | D        | Noticed a black mamba
   809 | D        | Noticed a seven-headed hydra
   814 | D        | Noticed a spiny frog
   814 | D        | Killed a black mamba
   815 | D        | Killed a spiny frog
   815 | D        | Reached skill level 12 in Invocations
   816 | D        | Killed an elephant
   818 | D        | Killed a nine-headed hydra
  1013 | D        | Noticed an elephant
  1013 | D        | Noticed an elephant
  1013 | D        | Noticed an elephant
  1013 | D        | Noticed an elephant
  1013 | D        | Noticed an elephant
  1013 | D        | Noticed a dire elephant
  1014 | D        | Noticed a dire elephant
  1016 | D        | Killed an elephant
  1016 | D        | Reached skill level 13 in Invocations
  1017 | D        | Killed an elephant
  1017 | D        | Killed an elephant
  1019 | D        | Killed an elephant
  1022 | D        | Killed a dire elephant
  1022 | D        | Reached skill level 14 in Invocations
  1022 | D        | Reached XP level 11. HP: 101/103 MP: 5/21
  1022 | D        | Reached ****** piety under Cheibriados
  1024 | D        | Killed a dire elephant
  1024 | D        | Reached skill level 15 in Invocations
  1295 | D        | Noticed Harold
  1303 | D        | Killed Harold
  1303 | D        | Reached skill level 16 in Invocations
  1426 | D        | Noticed an orc high priest
  1426 | D        | Noticed an orc knight
  1432 | D        | Killed an orc knight
  1432 | D        | Killed an orc high priest
  1432 | D        | Reached skill level 17 in Invocations
  1435 | D        | Noticed an orc knight
  1446 | D        | Killed an orc knight
  1756 | D        | Found Vatudar's Book Boutique.
  1756 | D        | Noticed an orc high priest
  1756 | D        | Noticed an orc high priest
  1757 | D        | Noticed an orc sorcerer
  1757 | D        | Noticed an orc high priest
  1765 | D        | Killed an orc high priest
  1765 | D        | Killed an orc sorcerer
  1765 | D        | Reached skill level 18 in Invocations
  1766 | D        | Found Rileaxte's Jewellery Shop.
  1766 | D        | Noticed a sixfirhy
  1768 | D        | Killed an orc high priest
  1769 | D        | Killed an orc high priest
  1778 | D        | Noticed an orc high priest
  1780 | D        | Found Leshroast's Antique Weapon Boutique.
  1781 | D        | Noticed an orc sorcerer
  1787 | D        | Killed an orc high priest
  1787 | D        | Reached XP level 12. HP: 67/113 MP: 8/25
  1788 | D        | Found Roshianta's Antique Weapon Shop.
  1788 | D        | Noticed an orc high priest
  1798 | D        | Killed an orc high priest
  1798 | D        | Reached skill level 19 in Invocations
  1988 | D        | Bought the ring of Harmony {rElec rN+ Int-5 Dex+2} for 387 gold pieces
  1988 | D        | Bought an uncursed amulet of the acrobat for 420 gold pieces
  1993 | D        | Bought a book of Cantrips for 260 gold pieces
  2030 | D        | Noticed Joseph
  2046 | D        | Killed Joseph
  2308 | D        | Noticed a death knight
  2312 | D        | Noticed an ettin
  2314 | D        | Reached skill level 20 in Invocations
  2317 | D        | Noticed an ettin
  2319 | D        | Killed a death knight
  2322 | D        | Noticed an ogre mage
  2323 | D        | Noticed a deep troll earth mage
  2325 | D        | Killed an ettin
  2331 | D        | Killed an ettin
  2337 | D        | Killed an ogre mage
  2337 | D        | Killed a deep troll earth mage
  2516 | D        | Noticed a frost giant
  2530 | D        | Killed a frost giant
  2530 | D        | Reached skill level 21 in Invocations
  2895 | D        | Noticed Donald
  2904 | D        | Killed Donald
  2966 | D        | Noticed Rupert
  2987 | D        | Paralysed by Rupert for 6 turns
  3000 | D        | Killed Rupert
  3000 | D        | Reached skill level 22 in Invocations
  3000 | D        | Reached XP level 13. HP: 7/122 MP: 21/28
  3602 | D        | Noticed Saint Roka
  3613 | D        | HP: 3/122 [Saint Roka/divine providence (10)]
  3613 | D        | Killed from afar by Saint Roka

Vault maps used:
D:        linesprint

Skill      XL: |  1  2  3  4  5  6  7  8  9 10 11 12 |
---------------+-------------------------------------+-----
Dodging        | 3 4 5 6 8 9 11 12 13 | 13.1
Fighting       | 4 5 7 8 9 10 11 12 13 | 13.4
Long Blades    | 4 5 7 8 9 11 12 13 14 | 14.9
Shields        | 4 5 7 8 9 10 11 12 | 12.9
Invocations    | 1 3 5 7 9 11 14 18 22 | 22.3
Unarmed Combat | |  0.5

Action                   |  1- 3 |  4- 6 |  7- 9 | 10-12 | 13-15 || total
-------------------------+-------+-------+-------+-------+-------++-------
Melee: Long sword        |    35 |       |       |       |       ||    35
       Tailslap          |     6 |     1 |     8 |    45 |     1 ||    61
       Scimitar          |       |     1 |    12 |   117 |     4 ||   134
Invok: Slouch            |       |       |     4 |    33 |       ||    37
 Abil: Breathe Noxious F |       |       |     1 |    11 |     2 ||    14
Evoke: Wand              |       |     6 |     4 |       |       ||    10
  Use: Potion            |     1 |       |       |     3 |       ||     4
 Stab: Confused          |       |       |       |     8 |     1 ||     9
       Sleeping          |       |       |       |     1 |       ||     1
  Eat: Chunk             |       |       |       |     5 |       ||     5
       Ration            |       |       |       |     1 |     1 ||     2
Armor: Skin              |    11 |     1 |     1 |     6 |       ||    19
Dodge: Dodged            |    19 |     5 |     6 |    65 |     7 ||   102
Block: Shield            |    24 |     4 |    10 |    58 |     7 ||   103
       Rpst.: Long sword |     6 |       |       |       |       ||     6
       Scimitar          |       |     1 |     2 |    15 |       ||    18

Table legend:
 A = Spawn XP
 B = Non-spawn XP
 C = Spawn XP percentage of total XP
 D = Spawn monster count
 E = Non-spawn monster count
 F = Spawn count percentage of total count
 G = Total turns spent on level
                    A         B        C        D         E        F      G
               +---------+---------+-------+---------+---------+-------+---------
         Total |       0 |   40346 |   0.0 |       0 |     108 |   0.0 |  3613
               +---------+---------+-------+---------+---------+-------+---------
             D |       0 |   40346 |   0.0 |       0 |     108 |   0.0 |  3613
               +---------+---------+-------+---------+---------+-------+---------
